 Dungeon Crawl Stone Soup version 0.16.2-12-gd0ad4c3 (webtiles) character file.

12398 magipi the Champion of Chaos (level 11, 0/89 HPs)
             Began as a Ghoul Gladiator on Nov 30, 2015.
             Was the Champion of Makhleb.
             Slain by an orc warrior
             ... wielding a +0 war axe
              (7 damage)
             ... on level 2 of the Orcish Mines.
             The game lasted 01:18:39 (10798 turns).

magipi the Champion of Chaos (Ghoul Gladiator)     Turns: 10798, Time: 01:18:40

Health: 0/89       AC: 12    Str: 26    XL:     11   Next: 92%
Magic:  23/23      EV: 12    Int:  9    God:    Makhleb [******]
Gold:   681        SH:  0    Dex: 11    Spells: 0 memorised, 10 levels left

rFire  . . .     SeeInvis .     a - +2 war axe
rCold  + . .     Clarity  +     M - +2 ring mail of Schonouq {Contam +Fly Int+5 Slay+2}
rNeg   + + +     SustAb   .     (no shield)
rPois  ∞         Gourm    .     c - +1 helmet
rElec  .         Spirit   .     (no cloak)
rCorr  .         Warding  .     (no gloves)
rMut   .         Stasis   .     f - +1 pair of boots of the Nightingale {Str+6 Stlth+}
MR     .....                    B - amulet of clarity
Stlth  ++........               (no ring)
                                p - ring of flight

@: very slightly contaminated, rotting, invisible, not resistant to hostile
enchantments, unstealthy
A: rotting body, claws 1, carnivore 3, cold resistance 1, negative energy
resistance 3, poison resistance, slow healing 1, torment resistance, unbreathing
a: Minor Destruction, Lesser Servant of Makhleb, Major Destruction, Greater
Servant of Makhleb, Renounce Religion, Evoke Flight


You were on level 2 of the Orcish Mines.
You worshipped Makhleb.
Makhleb was exalted by your worship.
You were not hungry.

You visited 3 branches of the dungeon, and saw 15 of its levels.
You also visited: Sewer.

You collected 1083 gold pieces.
You spent 402 gold pieces at shops.

Inventory:

Hand weapons
 a - a +2 war axe (weapon)
 b - a +1 blowgun
Missiles
 d - a throwing net (quivered)
 t - 5 curare-tipped needles
 E - 46 poisoned needles
 L - 3 steel tomahawks
Armour
 c - a +1 helmet (worn)
 f - the +1 pair of boots of the Nightingale (worn) {Str+6 Stlth+}
   (You found it on level 10 of the Dungeon)

   It affects your strength (+6).
   It makes you more stealthy.
 x - a +0 plate armour of poison resistance
 M - the +2 ring mail of Schonouq (worn) {Contam +Fly Int+5 Slay+2}
   (You found it on level 8 of the Dungeon)

   It affects your intelligence (+5).
   It affects your accuracy and damage with ranged weapons and melee attacks
   (+2).
   It lets you fly.
   It causes magical contamination when unequipped.
Jewellery
 p - a ring of flight (left claw)
 B - an amulet of clarity (around neck)
Magical devices
 n - a wand of magic darts (19)
 s - a wand of disintegration (17)
 u - a wand of paralysis (9)
 w - a wand of digging (15)
 N - a wand of invisibility (2)
 O - a wand of draining (3)
Scrolls
 i - a scroll of identify
 r - 3 scrolls of remove curse
 y - a scroll of blinking
 C - 3 scrolls of recharging
 F - 5 scrolls of enchant armour
 G - 2 scrolls of amnesia
 K - 2 scrolls of magic mapping
 P - 3 scrolls of fear
Potions
 e - 7 potions of curing
 g - a potion of resistance
 j - a potion of cancellation
 k - 2 potions of magic
 l - 2 potions of flight
 m - a potion of agility
 o - a potion of restore abilities
 q - 2 potions of haste
Books
 J - a book of Clouds

   Spells                             Type                      Level
   a - Mephitic Cloud                 Conjuration/Poison/Air       3
   b - Conjure Flame                  Conjuration/Fire             3
   c - Poisonous Cloud                Conjuration/Poison/Air       6
   d - Freezing Cloud                 Conjuration/Ice/Air          6
   e - Ring of Flames                 Charms/Fire                  7
Comestibles
 v - 2 chunks of flesh
 A - 5 meat rations


   Skills:
 - Level 6.0 Fighting
 - Level 10.3 Axes
 - Level 2.0 Throwing
 - Level 4.1 Armour
 - Level 2.6 Dodging
 + Level 10.4 Invocations
 + Level 9.6 Evocations


You had 10 spell levels left.
You didn't know any spells.

Dungeon Overview and Level Annotations

Branches:
Dungeon (12/15)            Temple (1/1) D:4            Lair (0/8) D:11
    Orc (2/4) D:12

Altars:
Ashenzari
Cheibriados
Dithmenos
Elyvilon
Fedhas
Gozag
Makhleb
Nemelex Xobeh
Okawaru
Qazlal
Ru
Sif Muna
Trog
Vehumet
Xom
Yredelemnul
Zin
The Shining One

Shops:
D:6 *   D:8 (   D:9 }   D:10 ?

Annotations:
D:5 endege's ghost, experienced MiFi


Innate Abilities, Weirdness & Mutations

Your body is rotting away.
You thrive on raw meat.
You have sharp fingernails.
You are carnivorous and can eat meat at any time.
Your flesh is cold resistant.
You are immune to negative energy.
Your system is resistant to poisons.
You heal slowly when monsters are visible.
You are immune to unholy pain and torment.
You can survive without breathing.

Vault maps used:
D:1:      minmay_arrival_five_plusses
D:2:      grunt_temple_overflow_order_and_chaos_1, cheibrodos_gnoll_hut,
          uniq_terence
D:3:      first_bread, wad_orctagon
D:4:      grunt_dithmenos_smoke, minmay_temple_entry_hall, feat_on_display
D:5:      grunt_ministairs_15, makhleb_altar_promises_db
D:6:      portal_sewer_entry_d, serial_shops, kennysheep_mini_moat,
          lemuel_flamethrower_2
D:7:      lemuel_crystal_altar, lemuel_doored_altar, grunt_ogre_cave
D:8:      kennysheep_vampire_church, lemuel_zombie_altar_yredelemnul,
          serial_shops, shop, okawaru_altar_gauntlet_db
D:9:      serial_shops, nicolae_shop_statue_plus
D:10:     serial_shops, shop
D:11:     dpeg_lair_monsters
D:12:     erik_orc_3, hangedman_decor_riveting
Temple:   circular_temple_12
Orc:1:    uniq_grum
Orc:2:    trog_butcher_becter
Sewer:    sewer_co_15_rooms


Message History

The worker ant is moderately wounded.
The worker ant closely misses you.
You slash the worker ant!
The worker ant is almost dead.
The worker ant bites you but does no damage.
You closely miss the worker ant.
The worker ant is almost dead.
The worker ant bites you but does no damage.
You hit the worker ant.
You kill the worker ant!
Makhleb accepts your kill.
A worker ant comes into view.
The worker ant twitches its antennae in your direction.
Found a chunk of flesh.
Found a bloodstained altar of Trog.
There is an open door here.
Unknown command.
The worker ant waves its antennae.
The orc sorcerer shouts!
The worker ant barely misses you.
You barely miss the worker ant.
The orc sorcerer mumbles some strange words.
The worker ant barely misses you.
Unknown command.
Evoke which item? (* to show all) (? for menu, Esc to quit)
Zapping:
s - a wand of disintegration (18)
Press: ? - help, Shift-Dir - straight line The rock wall explodes into countless fragments.
This wand has 17 charges left.
The worker ant completely misses you.
You barely miss the worker ant. The worker ant misses you.
The worker ant barely misses you.
You slash the worker ant!
The worker ant is almost dead.
The worker ant barely misses you.
You slash the worker ant!
You kill the worker ant!
Makhleb accepts your kill.
You hit the ice devil.
The ice devil is lightly wounded.
The ice devil hits you! The ice devil freezes you. You resist.
You slash the ice devil!
The ice devil is moderately wounded.
The ice devil closely misses you.
You hit the ice devil but do no damage.
The ice devil is lightly wounded.
The ice devil barely misses you.
You barely miss the ice devil.
The ice devil is lightly wounded.
The ice devil hits you! The ice devil freezes you! You resist.
You closely miss the ice devil.
The ice devil is lightly wounded.
You feel your flesh rotting away.
The ice devil hits you but does no damage.
You hit the ice devil but do no damage.
The ice devil is lightly wounded.
The ice devil hits you. The ice devil freezes you. You resist.
Unknown command.
You slash the ice devil!
The ice devil is moderately wounded.
The ice devil barely misses you.
You closely miss the ice devil.
The ice devil is moderately wounded.
The ice devil hits you. The ice devil freezes you! You resist.
You closely miss the ice devil.
The ice devil is moderately wounded.
The ice devil disappears in a puff of smoke!
Unknown command.
Eat one of 3 chunks of flesh? (ye/n/q/i?)
You feel more resilient.
This raw flesh tastes great!
You continue eating. x2
The orc warrior hits you with a war axe!
You hit the orc warrior.
The orc warrior is lightly wounded.
The orc warrior hits you with a war axe!
* * * LOW HITPOINT WARNING * * *
You closely miss the orc warrior.
The orc warrior is lightly wounded.
The orc warrior hits you with a war axe.
* * * LOW HITPOINT WARNING * * *
You slash the orc warrior!
The orc warrior is heavily wounded.
The orc warrior hits you with a war axe.
* * * LOW HITPOINT WARNING * * *
You completely miss the orc warrior.
The orc warrior is moderately wounded.
Unknown command.
Drink which item? (? for menu, Esc to quit)
Okay, then.
Unknown command.
Unknown command.
Evoke which item? (* to show all) (? for menu, Esc to quit)
Zapping:
N - a wand of invisibility (3)
Press: ? - help, Shift-Dir - straight line, f - you You fade into invisibility!
You are very lightly contaminated with residual magic.
This wand has 2 charges left.
The orc warrior barely misses you.
Unknown command.
You slash the orc warrior!
The orc warrior is almost dead.
The orc warrior hits you with a war axe!
You die...

#.....## ##.....# ###....
####### ##... ##..#..#
#... ##......### ###)
#.........# ##.#.
###........###..†.
##@#............))) ...
#o##...............
#....###.##<.#.#.......##
##...##..'.######......###
....#...##.###.#.......#.
#..3o... #..#............
#....._. #.#.......###)..
##......% #.#....##<##....
#..$.#... #.#.....######..


You could see an orc warrior.

Table legend:
 A = Kills in this place as a percentage of kills in entire the game.
 B = Kills by you in this place as a percentage of kills by you in the entire game.
 C = Kills by friends in this place as a percentage of kills by friends in the entire game.
 D = Other kills in this place as a percentage of other kills in the entire game.
 E = Experience gained in this place as a percentage of experience gained in the entire game.
 F = Experience gained in this place divided by the number of levels of this place that you have seen.
                   A       B       C       D       E      F
               +-------+-------+-------+-------+-------+----------------------
         Total | 100.0 | 100.0 |  -nan |  -nan | 100.0 | 1107.0
       Dungeon |  74.1 |  74.1 |  -nan |  -nan |  85.1 | 1255.6
  Orcish Mines |  20.7 |  20.7 |  -nan |  -nan |  13.8 | 1220.0
         Sewer |   5.3 |   5.3 |  -nan |  -nan |   1.2 | 205.0
               +-------+-------+-------+-------+-------+----------------------

Vanquished Creatures
  A hill giant (D:12)
  An unseen horror (D:10)
  A cyclops (D:12)
  An ugly thing (D:11)
  A centaur zombie (D:12)
  A gargoyle (D:11)
  2 kobold demonologists (D:12)
  A two-headed ogre (D:10)
  3 trolls
  A basilisk (D:12)
  A wraith (D:10)
  2 yaks (D:11)
  Grum (Orc:1)
  2 wyverns
  3 wargs
  2 hippogriffs
  4 wolves (Orc:1)
  A water moccasin (D:8)
  A sky beast (D:10)
  A wasp (D:12)
  6 orc warriors
  3 ice beasts
  12 ogres
  18 centaurs
  3 big kobolds
  A gnoll sergeant (D:9)
  5 giant frogs
  6 scorpions
  4 wights (D:7)
  2 giant frog zombies
  2 crimson imps
  A goliath beetle (D:7)
  9 orc priests
  3 jellies
  8 hounds
  2 giant frog skeletons
  3 iguanas (D:5)
  9 orc wizards
  11 worker ants
  4 sheep (D:12)
  Terence (D:2)
  2 worker ant zombies
  8 gnolls
  15 adders
  A giant mite (D:6)
  2 river rats (Sewer)
  3 worms
  2 adder skeletons
  3 giant geckos
  4 oozes (Sewer)
  90 orcs
  2 bat skeletons (D:8)
  A bat zombie (D:8)
  A giant cockroach (D:2)
  2 gnoll zombies (D:8)
  16 hobgoblins
  6 jackals (D:4)
  28 kobolds
  4 ball pythons
  16 bats
  A giant gecko skeleton (D:4)
  5 giant newts
  A giant spore (D:10)
  20 goblins
  6 quokkas
  14 rats
  6 ballistomycetes
403 creatures vanquished.

Vanquished Creatures (others)
  A crimson imp (D:10)
  3 jackals (D:2)
  2 giant spores (D:4)
6 creatures vanquished.

Grand Total: 409 creatures vanquished

Notes
Turn   | Place    | Note
--------------------------------------------------------------
     0 | D:1      | magipi, the Ghoul Gladiator, began the quest for the Orb.
     0 | D:1      | Reached XP level 1. HP: 17/17 MP: 1/1
   143 | D:1      | Reached skill level 3 in Axes
   156 | D:1      | Reached XP level 2. HP: 24/24 MP: 2/2
   694 | D:2      | Found a shimmering altar of Xom.
   695 | D:2      | Noticed an angel
   698 | D:2      | Reached XP level 3. HP: 29/29 MP: 3/3
   708 | D:2      | Found a glowing silver altar of Zin.
   833 | D:2      | Noticed Terence
   844 | D:2      | Killed Terence
   844 | D:2      | Reached skill level 4 in Axes
   993 | D:2      | Reached XP level 4. HP: 10/35 MP: 3/3
  1230 | D:2      | Reached skill level 5 in Axes
  1230 | D:2      | Reached XP level 5. HP: 20/40 MP: 4/4
  2015 | D:4      | Found a staircase to the Ecumenical Temple.
  2023 | Temple   | Entered the Ecumenical Temple
  2035 | Temple   | Became a worshipper of Makhleb the Destroyer
  2090 | D:4      | Found a shadowy altar of Dithmenos.
  2640 | D:4      | Acquired Makhleb's first power
  2813 | D:4      | Reached skill level 6 in Axes
  2813 | D:4      | Reached XP level 6. HP: 18/48 MP: 5/5
  3179 | D:5      | Entered Level 5 of the Dungeon
  3263 | D:5      | Reached skill level 7 in Axes
  3263 | D:5      | Reached XP level 7. HP: 42/55 MP: 5/5
  3310 | D:5      | Acquired Makhleb's second power
  3337 | D:5      | Found a burning altar of Makhleb.
  3337 | D:5      | Noticed a blizzard demon
  3726 | D:5      | Noticed endege's ghost (experienced MiFi)
  3766 | D:6      | Reached skill level 8 in Axes
  3841 | D:6      | Found Cuco's Assorted Antiques.
  3861 | D:6      | Found a glowing drain.
  3876 | Sewer    | Entered a sewer
  3991 | Sewer    | Reached XP level 8. HP: 46/60 MP: 6/6
  4211 | Sewer    | Acquired Makhleb's third power
  4770 | D:7      | Found a sacrificial altar of Ru.
  4813 | D:7      | Reached skill level 9 in Axes
  5306 | D:7      | Found a glowing golden altar of the Shining One.
  5334 | D:7      | Acquired Makhleb's fourth power
  5337 | D:7      | Reached skill level 10 in Axes
  5639 | D:8      | Found Thiqeblo's Weapon Shop.
  5831 | D:8      | Reached skill level 1 in Armour
  5831 | D:8      | Reached XP level 9. HP: 66/68 MP: 7/7
  5918 | D:8      | Got a topaz-encrusted ring mail
  5929 | D:8      | Identified the +2 ring mail of Schonouq {Contam +Fly Int+5 Slay+2} (You found it on level 8 of the Dungeon)
  5952 | D:8      | Found an iron altar of Okawaru.
  6190 | D:8      | Found a basalt altar of Yredelemnul.
  6502 | D:9      | Reached skill level 5 in Fighting
  6660 | D:9      | Acquired Makhleb's fifth power
  6748 | D:9      | Found Ygainwu's Gadget Boutique.
  6787 | D:9      | Bought a wand of invisibility (3) for 84 gold pieces
  6787 | D:9      | Bought a wand of draining (4) for 96 gold pieces
  7038 | D:9      | Reached skill level 1 in Invocations
  7038 | D:9      | Reached skill level 1 in Evocations
  7265 | D:10     | Entered Level 10 of the Dungeon
  7297 | D:10     | Found Clyxanaj's Magic Scroll Emporium.
  7306 | D:10     | Bought a scroll of identify for 24 gold pieces
  7306 | D:10     | Bought a scroll of identify for 24 gold pieces
  7306 | D:10     | Bought a scroll of identify for 24 gold pieces
  7306 | D:10     | Bought a scroll of identify for 24 gold pieces
  7306 | D:10     | Bought 3 scrolls of fear for 126 gold pieces
  7393 | D:10     | Reached XP level 10. HP: 79/81 MP: 10/13
  7472 | D:10     | Got a pair of fine boots
  7496 | D:10     | Identified the +1 pair of boots of the Nightingale {Str+6 Stlth+} (You found it on level 10 of the Dungeon)
  7691 | D:10     | Noticed a hill giant
  7850 | D:11     | Reached skill level 5 in Invocations
  7957 | D:11     | Reached skill level 5 in Evocations
  8107 | D:11     | Found a staircase to the Lair.
  8176 | D:11     | Noticed a seven-headed hydra
  8289 | D:11     | Noticed a brown ugly thing
  8317 | D:11     | Killed a brown ugly thing
  8542 | D:11     | Noticed a death yak
  8752 | D:10     | Killed an unseen horror
  8752 | D:10     | Reached XP level 11. HP: 79/89 MP: 21/21
  9228 | D:12     | Noticed a skeletal warrior
  9460 | D:12     | Noticed a hill giant
  9474 | D:12     | Killed a hill giant
  9764 | D:12     | Found a staircase to the Orcish Mines.
  9870 | D:12     | Noticed a skeletal warrior
  9900 | D:12     | Noticed a hill giant
  9903 | D:12     | Noticed a skeletal warrior
  9991 | Orc:1    | Entered Level 1 of the Orcish Mines
 10062 | Orc:1    | Noticed Grum
 10094 | Orc:1    | Killed Grum
 10096 | Orc:1    | Reached skill level 10 in Invocations
 10460 | Orc:2    | Noticed an orc knight
 10463 | Orc:2    | Paralysed by an orc sorcerer for 4 turns
 10769 | Orc:2    | Found a bloodstained altar of Trog.
 10774 | Orc:2    | Noticed an ice devil
 10798 | Orc:2    | Slain by an orc warrior

Action                   |  1- 3 |  4- 6 |  7- 9 | 10-12 || total
-------------------------+-------+-------+-------+-------++-------
Melee: War axe           |    97 |   281 |   539 |   581 ||  1498
 Fire: Blowgun           |       |       |     3 |    20 ||    23
Throw: Throwing net      |     2 |       |       |       ||     2
Evoke: Wand              |       |       |     3 |    20 ||    23
  Use: Scroll            |       |    10 |    11 |    12 ||    33
       Potion            |       |       |     5 |     4 ||     9
 Stab: Held in net/web   |     1 |       |       |       ||     1
       Sleeping          |       |       |       |     2 ||     2
  Eat: Chunk             |    12 |    34 |    66 |    79 ||   191
       Beef jerky        |       |       |     1 |       ||     1
       Pizza             |       |       |     1 |       ||     1

Action                   |  1- 3 |  4- 6 |  7- 9 | 10-12 || total
-------------------------+-------+-------+-------+-------++-------
Melee: War axe           |    97 |   281 |   539 |   581 ||  1498
 Fire: Blowgun           |       |       |     3 |    20 ||    23
Throw: Throwing net      |     2 |       |       |       ||     2
Evoke: Wand              |       |       |     3 |    20 ||    23
  Use: Scroll            |       |    10 |    11 |    12 ||    33
       Potion            |       |       |     5 |     4 ||     9
 Stab: Held in net/web   |     1 |       |       |       ||     1
       Sleeping          |       |       |       |     2 ||     2
  Eat: Chunk             |    12 |    34 |    66 |    79 ||   191
       Beef jerky        |       |       |     1 |       ||     1
       Pizza             |       |       |     1 |       ||     1

Action                   |  1- 3 |  4- 6 |  7- 9 | 10-12 || total
-------------------------+-------+-------+-------+-------++-------
Melee: War axe           |    97 |   281 |   539 |   581 ||  1498
 Fire: Blowgun           |       |       |     3 |    20 ||    23
Throw: Throwing net      |     2 |       |       |       ||     2
Evoke: Wand              |       |       |     3 |    20 ||    23
  Use: Scroll            |       |    10 |    11 |    12 ||    33
       Potion            |       |       |     5 |     4 ||     9
 Stab: Held in net/web   |     1 |       |       |       ||     1
       Sleeping          |       |       |       |     2 ||     2
  Eat: Chunk             |    12 |    34 |    66 |    79 ||   191
       Beef jerky        |       |       |     1 |       ||     1
       Pizza             |       |       |     1 |       ||     1
